 Dungeon Crawl Stone Soup version 0.28.0-43-g3370ac3207 (webtiles) character file.

Game seed: 11693182290968581905

47 crimpus the Vexing (level 3, -1/20 HPs)
             Began as a Kobold Arcane Marksman on Mar 27, 2022.
             Slain by a gnoll
             ... wielding a +0 halberd
              (12 damage)
             ... on level 2 of the Dungeon.
             The game lasted 00:02:25 (997 turns).

crimpus the Vexing (Kobold Arcane Marksman)          Turns: 997, Time: 00:02:26

Health: -1/20      AC:  2    Str:  7    XL:     3   Next: 97%
Magic:  5/5        EV: 15    Int: 14    God:
Gold:   32         SH:  0    Dex: 17    Spells: 0/4 levels left

rFire   . . .      SeeInvis .   a - +0 hand crossbow
rCold   . . .      Faith    .   (no shield)
rNeg    . . .      Spirit   .   d - +0 robe
rPois   .          Reflect  .   (no helmet)
rElec   .          Harm     .   (no cloak)
rCorr   .          Rampage  .   (no gloves)
Will    .....                   (no boots)
Stlth   +++.......              (no amulet)
HPRegen 0.06/turn               (no ring)
MPRegen 0.09/turn               (no ring)

@: no status effects
A: small, no large weapons, nightstalker 3
a: no special abilities


You were on level 2 of the Dungeon.
You visited 1 branch of the dungeon, and saw 2 of its levels.

You collected 32 gold pieces.

Inventory:

Hand Weapons
 a - a +0 hand crossbow (weapon)
Missiles
 c - a bolt (quivered ammo)
Armour
 d - a +0 robe (worn)
Scrolls
 b - a scroll of identify
Potions
 e - a potion of degeneration
 f - a potion of attraction {unknown}
 h - 2 potions of cancellation {unknown}


   Skills:
 * Level 1.2 Fighting
 * Level 3.4 Crossbows
 * Level 2.7 Dodging
 * Level 1.1 Stealth
 * Level 1.3 Spellcasting
 - Level 3.5 Hexes
 * Level 0.2 Translocations


You couldn't memorise any spells.
You knew the following spells:

 Your Spells              Type           Power      Damage    Failure   Level
a - Slow                  Hex            40%        N/A       6%          1
b - Portal Projectile     Hex/Tloc       12%        N/A       34%         3

Your spell library contained the following spells:

 Spells                   Type           Power      Damage    Failure   Level
 Inner Flame              Hex/Fire       5%         N/A       36%         3
 Cause Fear               Hex            5%         N/A       52%         4


Dungeon Overview and Level Annotations

Branches:
Dungeon (2/15)

Altars:


Innate Abilities, Weirdness & Mutations

You are small and have problems with some larger weapons.
You are completely attuned to the shadows.


Message History

The bolt hits the endoplasm.
The endoplasm is heavily wounded.
Nothing quivered!
Nothing quivered!
Nothing quivered!
Nothing quivered!
You see here 3 bolts.
c - 3 bolts The endoplasm freezes you.
You are frozen.
The endoplasm barely misses you.
Items here: ( ) ††.
c - 7 bolts (gained 4)
The endoplasm closely misses you.
You shoot a bolt. The bolt hits the endoplasm.
You kill the endoplasm!
No target in view!
Magic restored.
A gnoll comes into view. It is wielding a +0 flail.
A gnoll is nearby!
You shoot a bolt. The gnoll shouts!
The bolt hits the gnoll.
The gnoll is lightly wounded.
You shoot a bolt. The bolt hits the gnoll.
The gnoll is heavily wounded.
A gnoll comes into view. It is wielding a +0 halberd.
You shoot a bolt. The gnoll shouts!
The bolt hits the gnoll.
The gnoll is severely wounded.
The gnoll hits you with a +0 flail.
You shoot a bolt. The bolt hits the gnoll!
You kill the gnoll!
The gnoll misses you.
You shoot a bolt.
The bolt hits the gnoll but does no damage.
The gnoll hits you from afar with a +0 halberd!
Ouch! That really hurt!
You die...

..#..####
.(......##
...$.....#
.(........
..g)@.....
.#(......#
...##<....
#.. ##....
#. ....
..## ..#


You could see a gnoll.

Vanquished Creatures
  A gnoll (D:2)
  2 dart slugs (D:1)
  3 ball pythons (D:1)
  A bat (D:1)
  3 endoplasms
  A giant cockroach (D:1)
  3 goblins (D:1)
  6 hobgoblins
  4 kobolds
  A quokka (D:2)
  A frilled lizard (D:1)
  4 rats (D:1)
30 creatures vanquished.

Notes
Turn   | Place    | Note
-------+----------+-------------------------------------------
     0 | D:1      | crimpus the Kobold Arcane Marksman began the quest for the
                  | Orb.
     0 | D:1      | Reached XP level 1. HP: 12/12 MP: 2/2
   132 | D:1      | Reached XP level 2. HP: 16/16 MP: 3/3
   444 | D:1      | Reached skill level 1 in Stealth
   475 | D:1      | Reached XP level 3. HP: 16/20 MP: 4/4
   819 | D:1      | Learned a level 3 spell: Portal Projectile
   997 | D:2      | Slain by a gnoll

Illustrated notes

Levels and vault maps discovered:
D:1:      sevenhm_arrival_forest_fort_large_4, layout_loops_ring,
          minmay_misc_feat_alley
D:2:      layout_rooms, dreamdust_ecumenical_altar_grove

Skill      XL: |  1  2 |
---------------+-------+-----
Stealth        | 1 |  1.1
Crossbows      | 3 |  3.4
Fighting       | |  1.2
Dodging        | |  2.7
Spellcasting   | |  1.3
Hexes          | |  3.5
Translocations | |  0.2

Action                   || total
-------------------------++-------
 Fire: Hand crossbow     ||    61
  Use: Scroll            ||     2
Armor: Robe              ||     5
Dodge: Dodged            ||    14
